 Dungeon Sprint DCSS version 0.27-a0-1322-gfdffb62a71 (webtiles) character file.

Game seed: 10465813621721530465

39211 rocky1 the Peltast (level 13, 0/132 HPs)
             Began as a Minotaur Fighter on June 23, 2021.
             Was the Champion of Okawaru.
             Splashed by a goliath frog's acid (12 damage)
             ... in the Dungeon (Sprint IX: "|||||||||||||||||||||||||||||").
             The game lasted 00:13:26 (2564 turns).

rocky1 the Peltast (Minotaur Fighter)               Turns: 2564, Time: 00:13:27

Health: 0/132      AC: 17    Str: 24    XL:     13   Next: 68%
Magic:  23/23      EV: 17    Int:  5    God:    Okawaru [******]
Gold:   525        SH: 23    Dex: 12    Spells: 12/12 levels left

rFire    . . .     SeeInvis .   N - +1 scimitar (flame)
rCold    . . .     Faith    .   K - +1 tower shield
rNeg     . . .     Spirit   .   c - +3 scale mail {rPois}
rPois    +         Reflect  .   s - +0 hat of Qazlal's Grace {Regen+}
rElec    .         Harm     .   d - scarf {repulsion}
rCorr    .         Rampage  +   a - +0 pair of gloves
Will     .....     NoTele   +   L - +2 pair of boots {rampage}
Stlth    ..........             (no amulet)
HPRegen  1.32/turn              q - +2 ring of protection
MPRegen  0.18/turn              p - +2 ring of evasion

@: corroded, repel missiles
A: horns 2, retaliatory headbutt
a: Renounce Religion, Heroism, Finesse


You were in the Dungeon.
You worshipped Okawaru.
Okawaru was exalted by your worship.
You visited 1 branch You collected 1934 gold pieces.
You spent 1409 gold pieces at shops.

Inventory:

Hand Weapons
 m - a +2 vorpal scimitar
 B - the +9 battleaxe "Wuarchen" {distort, Str+2 Int+6}
   (You bought it in a shop in the Dungeon)

   It warps and distorts space around it.
   Unwielding it can cause banishment or high damage.
   It affects your strength (+2).
   It affects your intelligence (+6).
 C - a +0 vorpal great sword
 D - the +10 demon whip of Armageddon {freeze, Int+3 Stlth-}
   (Okawaru gifted it to you in the Dungeon)

   It has been specially enchanted to freeze those struck by it, causing extra
   injury to most foes and up to half again as much damage against particularly
   susceptible opponents.
   It can also slow down cold-blooded creatures.
   It affects your intelligence (+3).
   It makes you less stealthy.
 I - the +8 whip of Jubehi {freeze, Str+9}
   (You found it in the Dungeon)

   It has been specially enchanted to freeze those struck by it, causing extra
   injury to most foes and up to half again as much damage against particularly
   susceptible opponents.
   It can also slow down cold-blooded creatures.
   It affects your strength (+9).
 N - a +1 scimitar of flaming (weapon)
Missiles
 J - 6 atropa-tipped darts (quivered)
 M - 3 javelins
Armour
 a - a +0 pair of gloves (worn)
 c - a +3 scale mail of poison resistance (worn)
 d - a scarf of repulsion (worn)
 s - the +0 hat of Qazlal's Grace (worn) {Regen+}
   (You found it in the Dungeon)

   It increases your rate of health regeneration.
 z - a +2 plate armour of willpower
 A - the +2 hat of the Bear Spirit {Spirit, +Rage rN+ Will++}
   (You bought it in a shop in the Dungeon)

   It protects you from negative energy.
   It lets you go berserk.
   It greatly increases your willpower.
 K - a +1 tower shield (worn)
 L - a +2 pair of boots of rampaging (worn)
 O - a +2 scale mail of fire resistance
Jewellery
 p - a +2 ring of evasion (right hand)
 q - a +2 ring of protection (left hand)
 E - a ring of protection from cold
 F - a ring of see invisible
 G - a ring of protection from fire
 H - a ring of protection from cold
Wands
 l - a wand of iceblast (10)
 x - a wand of paralysis (5)
Scrolls
 j - 7 scrolls of blinking
 k - 2 scrolls of amnesia
 o - a scroll of fog
 t - 2 scrolls of enchant armour
 u - 3 scrolls of fear
 v - a scroll of identify
 w - 2 scrolls of enchant weapon
 y - a scroll of immolation
Potions
 e - 9 potions of curing
 f - 5 potions of heal wounds
 g - 3 potions of resistance
 h - 4 potions of magic
 i - 2 potions of invisibility
 n - 2 potions of brilliance
 r - a potion of mutation


   Skills:
 + Level 17.3 Fighting
 - Level 14.2 Long Blades
 + Level 10.1(11.5) Axes
 + Level 9.4(11.2) Maces & Flails
 + Level 17.3 Armour
 + Level 15.8 Dodging
 + Level 19.2 Shields
 + Level 14.7 Invocations


You had 12 spell levels left.
You didn't know any spells.
Your spell library was empty.

Dungeon Overview and Level Annotations

Branches:
Dungeon (1/1)

Altars:
Cheibriados
Dithmenos
Elyvilon
Fedhas
Gozag
Hepliaklqana
Kikubaaqudgha
Makhleb
Nemelex Xobeh
Okawaru
Qazlal
Ru
Sif Muna
Trog
Uskayaw
Vehumet
Wu Jian
Xom
Yredelemnul
Zin
The Shining One
Beogh
Jiyva
Lugonu

Shops:
D [(*(


Innate Abilities, Weirdness & Mutations

You have a pair of horns on your head.
You reflexively headbutt those who attack you in melee.


Message History

The spriggan druid is heavily wounded.
You block the spriggan druid's attack. You block the goliath frog's attack.
You hit the spriggan druid but do no damage.
The spriggan druid is heavily wounded.
You block the spriggan druid's attack. You block the goliath frog's attack.
You completely miss the spriggan druid.
The spriggan druid is heavily wounded.
The spriggan druid hits you but does no damage.
The goliath frog hits you from afar!
* * * LOW HITPOINT WARNING * * *
The acid corrodes you!
You are splashed with acid!
* * * LOW HITPOINT WARNING * * *
You slash the spriggan druid! You burn the spriggan druid.
Your headbutt misses the spriggan druid.
The spriggan druid is almost dead.
You block the goliath frog's attack.
The spriggan druid gestures at you while chanting.
You block the stone arrow.
You hit the spriggan druid but do no damage.
Your headbutt misses the spriggan druid.
The spriggan druid is almost dead.
You block the goliath frog's attack.
The spriggan druid gestures at you while chanting.
You block the stone arrow.
You hit the spriggan druid. You burn the spriggan druid.
The spriggan druid is almost dead.
The goliath frog hits you from afar!
* * * LOW HITPOINT WARNING * * *
You are splashed with acid.
* * * LOW HITPOINT WARNING * * *
You miss the spriggan druid.
The spriggan druid is almost dead.
The spriggan druid closely misses you. You block the goliath frog's attack.
Unknown command.
You barely miss the spriggan druid.
The spriggan druid is almost dead.
You block the spriggan druid's attack. The goliath frog hits you from afar!
* * * LOW HITPOINT WARNING * * *
You are splashed with acid!
You die...

))))......)[...........)[[[[)∩.∩.
▓▓▓▓▓▓▓▓▓▓▓▓▓▓▓▓▓▓▓▓▓▓▓▓▓▓▓▓▓▓▓▓▓
...........)...................).
▓▓▓▓▓▓▓▓▓▓▓▓▓▓▓▓▓▓▓▓▓▓▓▓▓▓▓▓▓▓▓▓▓
)).)))..[[[[[[[..........'[[)[†..
▓▓▓▓▓▓▓▓▓▓▓▓▓▓▓▓▓▓▓▓▓▓▓▓▓▓▓▓▓▓▓▓▓
..........).............)........
▓▓▓▓▓▓▓▓▓▓▓▓▓▓▓▓▓▓♣♣♣♣♣♣♣♣♣♣▓▓▓▓▓
†.......'.††))).@iFt.....
▓▓▓▓▓▓▓▓▓▓▓▓▓▓▓▓▓▓♣♣♣♣♣♣♣


You could see an alligator (swift), a spriggan druid and a goliath frog.

Vanquished Creatures
  Rupert (D)
  Frances (D)
  A thorn hunter (D)
  2 merfolk impalers (D)
  A fire dragon (D)
  Josephine (D)
  Erolcha (D)
  An ice dragon (D)
  3 hydras (D)
  A centaur warrior (D)
  A merfolk aquamancer (D)
  3 two-headed ogres (D)
  A deep troll earth mage (D)
  A tengu warrior (D)
  8 orc high priests (D)
  A glowing orange brain (D)
  A swamp dragon (D)
  2 orc knights (D)
  A necromancer (D)
  An orb spider (D)
  A will-o-the-wisp (D)
  7 manticores (D)
  2 wolf spiders (D)
  2 cyclopes (D)
  2 ugly things (D)
  2 merfolk sirens (D)
  A black mamba (shapeshifter) (D)
  A black mamba (D)
  7 cane toads (D)
  An efreet (D)
  Psyche (D)
  A rime drake (D)
  A komodo dragon (D)
  A demonic crawler (D)
  2 jumping spiders (D)
  A polar bear (D)
  3 tyrant leeches (D)
  A hornet (D)
  2 blink frogs (D)
  2 yaks (D)
  2 redbacks (D)
  A water elemental (D)
  6 wraiths (D)
  Eustachio (D)
  A basilisk (D)
  2 vampire mosquitoes (D)
  5 water moccasins (D)
  11 orc warriors (D)
  An ogre (D)
  4 bullfrogs (D)
  A howler monkey (D)
  9 orc priests (D)
  5 orc wizards (D)
  An ufetubus (D)
  4 orcs (D)
  A ball python (D)
  A bat (D)
  A bat skeleton (D)
  A kobold (D)
  A quokka (D)
  A rat (D)
134 creatures vanquished.

Vanquished Creatures (others)
  A glowing orange brain (D)
  A ball python simulacrum (D)
  2 foxfires (D)
4 creatures vanquished.

Grand Total: 138 creatures vanquished

Notes
Turn   | Place    | Note
-------+----------+-------------------------------------------
     0 | D        | rocky1 the Minotaur Fighter began the quest for the Orb.
     0 | D        | Reached XP level 1. HP: 19/19 MP: 0/0
     7 | D        | Reached skill level 4 in Shields
     9 | D        | Banished a spatial maelstrom
    63 | D        | Noticed an ogre
    63 | D        | Noticed a water moccasin
    67 | D        | Reached skill level 5 in Shields
    67 | D        | Reached XP level 2. HP: 26/26 MP: 1/1
    70 | D        | Killed an ogre
    71 | D        | Reached skill level 8 in Shields
    71 | D        | Reached XP level 3. HP: 31/31 MP: 2/2
    71 | D        | Reached XP level 4. HP: 39/39 MP: 3/3
    74 | D        | Killed a water moccasin
    75 | D        | Reached skill level 10 in Long Blades
    75 | D        | Reached skill level 10 in Shields
    75 | D        | Reached XP level 5. HP: 45/45 MP: 4/4
    83 | D        | Found a snail-covered altar of Cheibriados.
    83 | D        | Found a shadowy altar of Dithmenos.
    83 | D        | Found a white marble altar of Elyvilon.
    83 | D        | Found a blossoming altar of Fedhas.
    83 | D        | Found an opulent altar of Gozag.
    84 | D        | Found a hazy altar of Hepliaklqana.
    85 | D        | Found a viscous altar of Jiyva.
    86 | D        | Found an ancient bone altar of Kikubaaqudgha.
    87 | D        | Found a corrupted altar of Lugonu.
    88 | D        | Found a burning altar of Makhleb.
    89 | D        | Found a sparkling altar of Nemelex Xobeh.
    90 | D        | Found an iron altar of Okawaru.
    91 | D        | Found a stormy altar of Qazlal.
    92 | D        | Found a sacrificial altar of Ru.
    93 | D        | Found a shimmering blue altar of Sif Muna.
    94 | D        | Found a bloodstained altar of Trog.
    95 | D        | Found a hide-covered altar of Uskayaw.
    96 | D        | Found a radiant altar of Vehumet.
    97 | D        | Found an ornate altar of the Wu Jian Council.
    98 | D        | Became a worshipper of Warmaster Okawaru
    99 | D        | Found a shimmering altar of Xom.
   100 | D        | Found a basalt altar of Yredelemnul.
   101 | D        | Found a glowing silver altar of Zin.
   102 | D        | Found a glowing golden altar of the Shining One.
   263 | D        | Noticed a wraith
   263 | D        | Noticed a two-headed ogre
   263 | D        | Noticed a vampire mosquito
   263 | D        | Noticed a two-headed ogre
   263 | D        | Noticed a yak
   263 | D        | Noticed a two-headed ogre
   268 | D        | Killed a wraith
   268 | D        | Reached * piety under Okawaru
   269 | D        | Reached skill level 5 in Fighting
   269 | D        | Reached skill level 5 in Armour
   269 | D        | Reached XP level 6. HP: 51/56 MP: 4/6
   270 | D        | Killed a two-headed ogre
   270 | D        | Reached ** piety under Okawaru
   270 | D        | Reached *** piety under Okawaru
   271 | D        | Reached skill level 5 in Dodging
   271 | D        | Reached skill level 12 in Shields
   271 | D        | Reached skill level 5 in Invocations
   271 | D        | Reached XP level 7. HP: 48/66 MP: 4/9
   274 | D        | Killed a vampire mosquito
   275 | D        | Reached XP level 8. HP: 55/74 MP: 2/10
   276 | D        | Killed a two-headed ogre
   276 | D        | Reached **** piety under Okawaru
   283 | D        | Killed a two-headed ogre
   284 | D        | Reached skill level 13 in Shields
   284 | D        | Reached XP level 9. HP: 64/85 MP: 3/13
   290 | D        | Noticed a purple ugly thing
   290 | D        | Noticed an eight-headed hydra
   290 | D        | Noticed a manticore
   290 | D        | Noticed a manticore
   290 | D        | Noticed a centaur warrior
   293 | D        | Killed a purple ugly thing
   293 | D        | Reached ***** piety under Okawaru
   294 | D        | Reached skill level 10 in Fighting
   304 | D        | Killed a 15-headed hydra
   305 | D        | Reached skill level 10 in Armour
   307 | D        | Killed a manticore
   308 | D        | Reached skill level 14 in Shields
   308 | D        | Reached XP level 10. HP: 40/94 MP: 5/15
   311 | D        | Killed a manticore
   311 | D        | Received a gift from Okawaru
   316 | D        | Killed a centaur warrior
   643 | D        | Got the +0 hat of Qazlal's Grace {Regen+}
   759 | D        | Noticed a cane toad
   759 | D        | Noticed a cane toad
   769 | D        | Noticed a cane toad
   774 | D        | Reached skill level 10 in Dodging
   776 | D        | Killed a cane toad
   781 | D        | Killed a cane toad
   797 | D        | Killed a cane toad
   954 | D        | Noticed a six-headed hydra
   962 | D        | Killed a ten-headed hydra
   962 | D        | Noticed a cane toad
   963 | D        | Reached skill level 15 in Shields
   963 | D        | Reached skill level 10 in Invocations
   963 | D        | Noticed a black mamba
   979 | D        | Reached XP level 11. HP: 103/105 MP: 10/17
  1178 | D        | Received a gift from Okawaru
  1336 | D        | Reached skill level 16 in Shields
  1490 | D        | Noticed an orc knight
  1492 | D        | Noticed an orc knight
  1502 | D        | Killed an orc knight
  1527 | D        | Killed an orc knight
  1636 | D        | Found Puf Wok's Armour Emporium.
  1636 | D        | Noticed an orc high priest
  1636 | D        | Noticed an orc high priest
  1636 | D        | Noticed an orc high priest
  1636 | D        | Noticed an orc high priest
  1645 | D        | Killed an orc high priest
  1662 | D        | Killed an orc high priest
  1663 | D        | Found Qacouhu's Antique Weapon Shoppe.
  1667 | D        | Killed an orc high priest
  1667 | D        | Reached ****** piety under Okawaru
  1667 | D        | Received a gift from Okawaru
  1673 | D        | Killed an orc high priest
  1677 | D        | Noticed an orc high priest
  1679 | D        | Found Onyighatz's General Store.
  1690 | D        | Noticed a sun demon
  1690 | D        | Noticed a sixfirhy
  1694 | D        | Noticed a soul eater
  1695 | D        | Killed an orc high priest
  1696 | D        | Reached skill level 17 in Shields
  1696 | D        | Reached XP level 12. HP: 118/118 MP: 15/20
  1696 | D        | Found Qiriobb's Antique Weapon Shoppe.
  1698 | D        | Noticed an orc high priest
  1700 | D        | Noticed an orc high priest
  1701 | D        | Noticed an orc high priest
  1709 | D        | Killed an orc high priest
  1720 | D        | Killed an orc high priest
  1729 | D        | Killed an orc high priest
  1730 | D        | Reached skill level 15 in Fighting
  1777 | D        | Bought a scroll of blinking for 75 gold pieces
  1777 | D        | Bought a potion of invisibility for 80 gold pieces
  1781 | D        | Bought a +0 chain mail of poison resistance for 119 gold
                  | pieces
  1781 | D        | Bought the +2 hat of the Bear Spirit {Spirit, +Rage rN+
                  | Will++} for 547 gold pieces
  1781 | D        | Found the +2 hat of the Bear Spirit {Spirit, +Rage rN+
                  | Will++}
  1783 | D        | Bought a pitted battleaxe for 322 gold pieces
  1783 | D        | Identified the +9 battleaxe "Wuarchen" {distort, Str+2
                  | Int+6} (You bought it in a shop in the Dungeon)
  1783 | D        | Bought a glowing great sword for 266 gold pieces
  1822 | D        | Noticed Josephine
  1835 | D        | Killed Josephine
  1836 | D        | Reached skill level 15 in Armour
  1865 | D        | Noticed Erolcha
  1866 | D        | Noticed Psyche
  1871 | D        | Killed Erolcha
  1871 | D        | Identified the +10 demon whip of Armageddon {freeze, Int+3
                  | Stlth-} (Okawaru gifted it to you in the Dungeon)
  1871 | D        | Received a gift from Okawaru
  1873 | D        | Killed Psyche
  1934 | D        | Got the +8 whip of Jubehi {freeze, Str+9}
  2011 | D        | Noticed a tengu warrior
  2020 | D        | Noticed an ice dragon
  2026 | D        | Reached skill level 1 in Maces & Flails
  2039 | D        | Killed a tengu warrior
  2046 | D        | Noticed a deep troll earth mage
  2054 | D        | Reached skill level 5 in Axes
  2081 | D        | Killed an ice dragon
  2082 | D        | Reached skill level 18 in Shields
  2088 | D        | Killed a deep troll earth mage
  2101 | D        | Received a gift from Okawaru
  2102 | D        | Noticed a fire dragon
  2116 | D        | Received a gift from Okawaru
  2117 | D        | Reached skill level 5 in Maces & Flails
  2133 | D        | Killed a fire dragon
  2133 | D        | Received a gift from Okawaru
  2195 | D        | Noticed Rupert
  2219 | D        | Killed Rupert
  2220 | D        | Reached XP level 13. HP: 34/130 MP: 20/22
  2305 | D        | Noticed Frances
  2317 | D        | Killed Frances
  2326 | D        | Noticed Eustachio
  2342 | D        | Killed Eustachio
  2343 | D        | Reached skill level 15 in Dodging
  2435 | D        | Noticed a merfolk impaler
  2435 | D        | Noticed a merfolk impaler
  2456 | D        | Killed a merfolk impaler
  2474 | D        | Killed a merfolk impaler
  2479 | D        | Reached skill level 19 in Shields
  2507 | D        | Noticed a thorn hunter
  2524 | D        | Killed a thorn hunter
  2524 | D        | Received a gift from Okawaru
  2550 | D        | Reached skill level 10 in Axes
  2564 | D        | Splashed by a goliath frog's acid

Illustrated notes

Levels and vault maps discovered:
D:        linesprint [early_d, line_temple, items_1, d_10, items_2, lair_1,
          lair_end, items_3, orc_1, orc_end, items_4, d_15, swamp_1, shoals_1,
          snake_1, spider_1, d_20, vaults_1, items_5, swamp_end, shoals_end,
          snake_end, spider_end, vaults_end, d_27, items_6, zot_1, zot_end,
          crypt_end, forest_end, elf_end, slime_end, tomb_end, abyss_end,
          pan_hell_end]

Skill      XL: |  1  2  3  4  5  6  7  8  9 10 11 12 13 |
---------------+----------------------------------------+-----
Long Blades    | 4 7 10 11 13 14 | 14.2
Shields        | 5 8 10 12 13 14 15 17 18 19 | 19.2
Fighting       | 5 7 9 10 12 14 16 17 | 17.3
Armour         | 5 7 9 10 12 14 16 17 | 17.3
Dodging        | 2 5 8 9 11 13 14 15 | 15.8
Invocations    | 2 5 7 8 10 12 13 14 | 14.7
Axes           | 7 10 | 10.1
Maces & Flails | 6 9 |  9.4

Action                   |  1- 3 |  4- 6 |  7- 9 | 10-12 | 13-15 || total
-------------------------+-------+-------+-------+-------+-------++-------
Melee: Long sword        |    17 |     6 |       |       |       ||    23
       Headbutt          |     1 |     5 |     5 |   117 |    45 ||   173
       Scimitar          |       |     6 |    25 |   344 |    26 ||   401
       Whip              |       |       |       |   117 |   142 ||   259
Invok: Heroism           |       |       |     1 |     5 |     1 ||     7
       Finesse           |       |       |       |     4 |     1 ||     5
  Use: Potion            |     1 |     1 |     3 |       |       ||     5
Armor: Scale mail        |     6 |     2 |       |    27 |    18 ||    53
       Plate armour      |       |     3 |    17 |    47 |       ||    67
Dodge: Dodged            |     4 |     3 |    17 |    91 |    29 ||   144
       Repelled          |       |       |       |     1 |       ||     1
Block: Kite shield       |     9 |     7 |    26 |   112 |       ||   154
       Tower shield      |       |       |       |    65 |   113 ||   178
       Rpst.: Long sword |     1 |       |       |       |       ||     1
       Scimitar          |       |       |       |    15 |     1 ||    16

Table legend: (Time is in decaauts)
 A = Elapsed time spent in this place.
 B = Non-inter-level travel time spent in this place.
 C = Inter-level travel time spent in this place.
 D = Time resting spent in this place.
 E = Time spent auto-exploring this place.
 F = Levels seen in this place.
 G = Mean time per level.
                   A        B        C        D        E       F      G
               +--------+--------+--------+--------+--------+-----+--------+
         Total |   2292 |   2292 |      0 |    897 |      0 |   1 | 2292.0 |
       Dungeon |   2292 |   2292 |      0 |    897 |      0 |   1 | 2292.0 |
               +--------+--------+--------+--------+--------+-----+--------+

Top non-repeatable levels by time:
       D: 2292 daAuts
